 Dungeon Crawl Stone Soup version 0.28.0-47-ge53b351184 (console) character file.

Game seed: 1800135408971571828

57 Faeu the Shield-Bearer (level 3, -2/33 HPs)
             Began as a Minotaur Fighter on May 2, 2022.
             Slain by Terence
             ... wielding a +2 mace of holy wrath
              (5 damage)
             ... while paralysed by Grinder
             ... on level 3 of the Dungeon.
             The game lasted 00:05:16 (1999 turns).

Faeu the Shield-Bearer (Minotaur Fighter)           Turns: 1999, Time: 00:05:16

Health: -2/33      AC:  7    Str: 22    XL:     3   Next: 73%
Magic:  2/2        EV:  2    Int:  5    God:
Gold:   116        SH:  0    Dex:  9    Spells: 2/2 levels left

rFire   . . .      SeeInvis .   a - +0 war axe {axe}
rCold   . . .      Faith    .   c - +0 buckler
rNeg    . . .      Spirit   .   b - +0 scale mail
rPois   .          Reflect  .   (helmet restricted)
rElec   .          Harm     .   (no cloak)
rCorr   .          Rampage  .   (no gloves)
Will    .....                   (no boots)
Stlth   ..........              (no amulet)
HPRegen 0.11/turn               (no ring)
MPRegen 0.08/turn               (no ring)

@: paralysed
A: horns 2, retaliatory headbutt
a: no special abilities


You were on level 3 of the Dungeon.
You visited 1 branch of the dungeon, and saw 3 of its levels.

You collected 116 gold pieces.


Innate Abilities, Weirdness & Mutations

You have a pair of horns on your head.
You reflexively headbutt those who attack you in melee.


   Skills:
 + Level 4.2 Fighting
 + Level 3.2 Axes
 + Level 4.2 Armour
 + Level 4.2 Shields


You had 2 spell levels left.
You didn't know any spells.
Your spell library was empty.

Inventory:

Hand Weapons
 a - a +0 war axe (weapon) {axe}
 k - a +2 hunting sling of flaming {sling}
   (You found it on level 2 of the Dungeon)
Missiles
 i - 5 poisoned darts (quivered) {throwing}
 m - 11 sling bullets
Armour
 b - a +0 scale mail (worn)
 c - a +0 buckler (worn)
Scrolls
 g - 2 scrolls of magic mapping {!r}
 h - 2 scrolls of identify {unknown}
 j - a scroll of fog {unknown}
 l - a scroll of brand weapon {unknown}
 o - a scroll of amnesia {unknown}
Potions
 d - 2 potions of might
 e - a potion of ambrosia {unknown}
 f - a potion of mutation {unknown}
 n - a potion of haste {unknown}

Dungeon Overview and Level Annotations

Branches:
Dungeon (3/15)

Altars:

Annotations:
D:3 Grinder, Terence

#####.####..# #######
#ยง# ##.# ##.....##
###.# #.K
##.......####...# ###..
#.............#####...#
#...................###
#..........##########
#......<..##
#......$?.# #....5@...#
#.....@)..# #.........#
#.........# #...(.....#
##..(....## ##(....##
#######


You could see Grinder and Terence.


Message History

The ball python misses you. The ball python grabs you.
The ball python constricts you.
You escape the ball python's grasp.
Grinder blinks! ๐Ÿ˜ฎ HP[+1] Grinder blinks!
The ball python misses you. The ball python completely misses you.
There is a stone staircase leading up here.
The ball python bites you but does no damage.
The ball python barely misses you.
You climb upwards.
There is a stone staircase leading down here.
You are too injured to fight recklessly!
Fire: 11 sling bullets
Press: ? - help, Q - select action, (/) - cycle Shift-Dir - straight line, f - ball python
Aim: a ball python (55% to hit)
You shoot a sling bullet. The sling bullet hits the ball python.
The sling bullet burns the ball python.
You kill the ball python!
m - 11 sling bullets (gained 1) ๐Ÿ˜• HP[+1]
There is a stone staircase leading down here.
HP restored.
Done exploring. ๐Ÿ˜Ž HP[+8]
You see here 18 arrows.
Done exploring.
Done exploring.
(D) Dungeon
Where to? (Enter - D:3, ? - help)
A quokka comes into view.
The quokka bites you. ๐Ÿ˜• HP[-2]
You take 2 damage, and now have 31/33 hp.
Really attack while wielding your +2 hunting sling of flaming {sling}?
Okay, then.
Really attack while wielding your +2 hunting sling of flaming {sling}?
Okay, then.
Really attack while wielding your +2 hunting sling of flaming {sling}?
Okay, then.
Really attack while wielding your +2 hunting sling of flaming {sling}?
Okay, then.
Your +2 hunting sling of flaming {sling} stops flaming.
a - a +0 war axe (weapon)
{axe} You barely miss the quokka.
Your headbutt misses the quokka. You block the quokka's attack.
The quokka closely misses you.
You slash the quokka!
You kill the quokka!
You see here a quokka corpse. ๐Ÿ˜• HP[+1] Done exploring. ๐Ÿ˜Ž HP[+1] Done exploring.
(D) Dungeon
Where to? (Enter - D:3, ? - help)
You see here a quokka corpse.
There is a stone staircase leading down here.
You climb downwards.
Level annotation: Grinder, Terence
There is a stone staircase leading up here.
There are monsters nearby!
Your library has no spells.
The kobold throws a stone.
You block the stone.
Grinder blinks!
You climb upwards.
There is a stone staircase leading down here.
There is a stone staircase leading down here.
There is an escape hatch in the floor here.
You slide downwards.
The hatch slams shut behind you.
Level annotation: Grinder, Terence The kobold throws a stone.
The stone hits you but does no damage.
Grinder blinks!
You can't go up here!
You can't go up here!
Grinder says, "I used to sell toenails on the black market."
The kobold throws a stone.
The stone barely misses you.
You barely miss Grinder. Grinder hits you.
You writhe in agony.
The kobold throws a stone.
The stone hits you. Grinder hits you.
You writhe in agony. ๐Ÿ˜ฎ HP[-12]
You take 12 damage, and now have 21/33 hp.
MASSIVE DAMAGE!! (PAUSE)
You closely miss Grinder.
Grinder blinks!
You slash the kobold!
You kill the kobold!
Terence hits you with a +2 mace of holy wrath. ๐Ÿ˜ฎ HP[-1]
You take 1 damage, and now have 20/33 hp.
You hit Terence but do no damage. You headbutt Terence.
Grinder blinks!
Terence zaps a wand.
The puff of flame hits you!
* * * LOW HITPOINT WARNING * * *
The now-empty wand crumbles to dust.
Grinder gestures at you.
You suddenly lose the ability to move!
Terence hits you with a +2 mace of holy wrath!
* * * LOW HITPOINT WARNING * * *
Terence hits you with a +2 mace of holy wrath.
* * * LOW HITPOINT WARNING * * *
Terence hits you with a +2 mace of holy wrath.
You die...

Skill      XL: |  1  2 |
---------------+-------+-----
Armour         | 4 |  4.2
Shields        | 4 |  4.2
Fighting       | 4 |  4.2
Axes           | 3 |  3.2

Action                   || total
-------------------------++-------
Melee: War axe           ||    64
       Headbutt          ||    10
 Fire: Hunting sling     ||     5
Throw: Dart              ||     3
  Use: Scroll            ||     1
Armor: Scale mail        ||    37
Dodge: Dodged            ||    40
Block: Buckler           ||    11

Levels and vault maps discovered:
D:1:      dpeg_arrival_concentric_ovals, layout_basic,
          hellmonk_ecumenical_altar_lost_god
D:2:      layout_basic, minmay_box_of_dots
D:3:      layout_rooms, uniq_terence, uniq_grinder, uniq_crazy_yiuf_cottage,
          uniq_robin

Notes
Turn   | Place    | Note
-------+----------+-------------------------------------------
     0 | D:1      | Faeu the Minotaur Fighter began the quest for the Orb.
     0 | D:1      | Reached XP level 1. HP: 19/19 MP: 0/0
     0 | D:1      | magus.rc [v1.9.6]
   315 | D:1      | Reached XP level 2. HP: 27/27 MP: 1/1
   524 | D:1      | Found a faded altar of an unknown god.
   551 | D:1      | Reached skill level 4 in Armour
   551 | D:1      | Reached skill level 4 in Shields
   958 | D:2      | Reached skill level 4 in Fighting
  1071 | D:2      | Reached skill level 3 in Axes
  1071 | D:2      | Reached XP level 3. HP: 33/33 MP: 2/2
  1812 | D:3      | Noticed Terence
  1831 | D:3      | Noticed Grinder
  1996 | D:3      | Paralysed by Grinder for 6 turns
  1997 | D:3      | HP: 4/33 [Terence/+2 mace of holy wrath (7)]
  1999 | D:3      | Slain by Terence

Vanquished Creatures
  2 adders (D:2)
  A worm (D:2)
  A dart slug (D:1)
  5 endoplasms
  2 giant cockroaches (D:1)
  4 goblins
  4 hobgoblins
  A quokka (D:2)
  4 ball pythons
  2 frilled lizards
  4 kobolds
  4 rats
34 creatures vanquished.

Table legend:
 A = Non-vault XP
 B = Vault XP
 C = Vault XP percentage of total XP
 D = Non-vault monster count
 E = Vault monster count
 F = Vault count percentage of total count
                 A         B        C        D         E       F
            +---------+---------+-------+---------+---------+-------
      Total |      79 |       3 |   3.7 |      32 |       2 |   5.9
            +---------+---------+-------+---------+---------+-------
        D:1 |      30 |       0 |   0.0 |      17 |       0 |   0.0
        D:2 |      48 |       3 |   5.9 |      14 |       2 |  12.5
        D:3 |       1 |       0 |   0.0 |       1 |       0 |   0.0
            +---------+---------+-------+---------+---------+-------

Illustrated notes

Table legend:
 A = Kills in this place as a percentage of kills in entire the game.
 B = Kills by you in this place as a percentage of kills by you in the entire game.
 C = Kills by friends in this place as a percentage of kills by friends in the entire game.
 D = Other kills in this place as a percentage of other kills in the entire game.
 E = Experience gained in this place as a percentage of experience gained in the entire game.
 F = Experience gained in this place divided by the number of levels of this place that you have seen.
                   A       B       C       D       E      F
               +-------+-------+-------+-------+-------+----------------------
         Total | 100.0 | 100.0 |   N/A |   N/A | 100.0 |  27.3
       Dungeon | 100.0 | 100.0 |   N/A |   N/A | 100.0 |  27.3
               +-------+-------+-------+-------+-------+----------------------

Table legend: (Time is in decaauts)
 A = Elapsed time spent in this place.
 B = Non-inter-level travel time spent in this place.
 C = Inter-level travel time spent in this place.
 D = Time resting spent in this place.
 E = Time spent auto-exploring this place.
 F = Levels seen in this place.
 G = Mean time per level.
                   A        B        C        D        E       F      G
               +--------+--------+--------+--------+--------+-----+--------+
         Total |   2024 |   1946 |     78 |      0 |   1619 |   3 |  674.7 |
       Dungeon |   2024 |   1946 |     78 |      0 |   1619 |   3 |  674.7 |
               +--------+--------+--------+--------+--------+-----+--------+

Top non-repeatable levels by time:
     D:2: 1015 daAuts
     D:1: 955 daAuts
     D:3: 53 daAuts
